 Dungeon Crawl Stone Soup version 0.17.1-1-g73c8601 (webtiles) character file.

38 Implojin the Ruffian (level 3, -2/36 HPs)
             Began as a Troll Fighter on Apr 9, 2016.
             Slain by a sky beast (6 damage)
             ... on level 5 of the Dungeon.
             The game lasted 00:01:24 (192 turns).

Implojin the Ruffian (Troll Fighter)                 Turns: 192, Time: 00:01:25

Health: -2/36      AC:  5    Str: 29    XL:     3   Next: 25%
Magic:  2/2        EV:  8    Int:  4    God:
Gold:   10         SH:  9    Dex: 10    Spells: 0 memorised, 2 levels left

rFire  . . .     SeeInvis .       - Unarmed
rCold  . . .     Clarity  .     a - +0 robe
rNeg   . . .     SustAt   .     b - +0 shield
rPois  .         Gourm    +     (helmet restricted)
rElec  .         Spirit   .     (no cloak)
rCorr  .         Warding  .     (gloves unavailable)
rMut   .         Stasis   .     (boots unavailable)
MR     .....                    (no amulet)
Stlth  +.........               (no ring)
                                (no ring)

@: mighty, not resistant to hostile enchantments, very unstealthy
A: unfitting armour, claws 3, fast metabolism 3, gourmand, regeneration 2,
shaggy fur 1, tough skin 2
a: no special abilities


You were on level 5 of the Dungeon.
You were not hungry.

You visited 1 branch of the dungeon, and saw 6 of its levels.

You collected 10 gold pieces.

Inventory:

Armour
 a - a +0 robe (worn)
 b - a +0 shield (worn)
Scrolls
 e - a scroll of remove curse {unknown}
Potions
 g - a potion of magic {unknown}
 h - a potion of lignification {unknown}
 i - a potion of resistance {unknown}
 j - 2 potions of berserk rage {unknown}
Comestibles
 d - 3 bread rations
 f - 2 meat rations


   Skills:
 - Level 2.4 Fighting
 - Level 2.4 Dodging
 - Level 2.4 Shields
 * Level 3.7 Unarmed Combat


You had 2 spell levels left.
You didn't know any spells.

Dungeon Overview and Level Annotations

Branches:
Dungeon (6/15)
 Temple: D:4-7

Altars:

Shops:
D:4 !


Innate Abilities, Weirdness & Mutations

You are too large for most types of armour.
You have claws for hands.
Your metabolism is lightning-fast.
You like to eat raw meat.
You heal very quickly.
You are covered in fur (AC +1).
You have very tough skin (AC +2).


Message History

You block the sky beast's attack.
Your shield prevents you from hitting the sky beast.
The sky beast is moderately wounded.
The sky beast closely misses you.
You closely miss the sky beast.
The sky beast is moderately wounded.
The sky beast barely misses you.
You closely miss the sky beast.
The sky beast is lightly wounded.
The sky beast hits you. The sky beast shocks you.
You claw the sky beast!
The sky beast is heavily wounded.
The sky beast flickers out of sight!
Deactivating autopickup; reactivate with Ctrl-A.
Something hits you but does no damage.
You claw something! Something hits you. Something shocks you.
* * * LOW HITPOINT WARNING * * *
You miss something. Something hits you.
* * * LOW HITPOINT WARNING * * *
Something shocks you.
* * * LOW HITPOINT WARNING * * *
You barely miss something. Something hits you but does no damage.
Unknown command.
You closely miss something. Something hits you but does no damage.
You scratch something but do no damage. Something hits you.
* * * LOW HITPOINT WARNING * * *
Something shocks you.
* * * LOW HITPOINT WARNING * * *
You closely miss something. Something hits you but does no damage.
Unknown command.
Drink which item? (? for menu, Esc to quit)
You feel very mighty all of a sudden. Something hits you but does no damage.
Unknown command.
Unknown command.
Unknown command.
You miss something. Something hits you.
* * * LOW HITPOINT WARNING * * *
Something shocks you.
You die...

#########
#.......##
#........#
#>@..<...+
###{.....#
......#
......#
.#?....
.#####. +#


There were no monsters in sight!

Vanquished Creatures
  A centaur skeleton (D:4)
  An orc (D:4)
  A ball python (D:2)
  A goblin (D:2)
  A hobgoblin (D:2)
  A kobold (D:3)
  A quokka (D:2)
  A ball python skeleton (D:4)
  A quokka skeleton (D:4)
  A rat (D:3)
10 creatures vanquished.

Notes
Turn   | Place    | Note
--------------------------------------------------------------
     0 | D:1      | Implojin the Troll Fighter began the quest for the Orb.
     0 | D:1      | Reached XP level 1. HP: 22/22 MP: 0/0
    74 | D:4      | Noticed a centaur skeleton
    80 | D:4      | Killed a centaur skeleton
    80 | D:4      | Reached skill level 3 in Unarmed Combat
    80 | D:4      | Reached XP level 2. HP: 18/29 MP: 1/1
    80 | D:4      | Reached XP level 3. HP: 22/36 MP: 2/2
   112 | D:4      | Found Qoer's Distillery.
   165 | D:5      | Entered Level 5 of the Dungeon
   176 | D:5      | Noticed a sky beast
   192 | D:5      | Slain by a sky beast

Action                   || total
-------------------------++-------
Melee: Unarmed           ||    41
  Use: Potion            ||     1

Table legend:
 A = Turns spent in this place as a percentage of turns spent in the entire game.
 B = Non-inter-level travel turns spent in this place as a percentage of non-inter-level travel turns spent in the entire game.
 C = Inter-level travel turns spent in this place as a percentage of turns spent in this place.
 D = Turns resting spent in this place as a percentage of non-inter-level travel turns spent in this place.
 E = Turns spent auto-exploring this place as a percentage of non-inter-level travel turns spent in this place.
 F = Non-inter-level travel turns spent in this place divided by the number of levels of this place that you've seen.
                   A       B       C       D       E      F
               +-------+-------+-------+-------+-------+----------------------
         Total | 100.0 | 100.0 |   0.0 |   0.0 |   0.0 |  32.3
       Dungeon | 100.0 | 100.0 |   0.0 |   0.0 |   0.0 |  32.3
               +-------+-------+-------+-------+-------+----------------------

Table legend:
 A = Kills in this place as a percentage of kills in entire the game.
 B = Kills by you in this place as a percentage of kills by you in the entire game.
 C = Kills by friends in this place as a percentage of kills by friends in the entire game.
 D = Other kills in this place as a percentage of other kills in the entire game.
 E = Experience gained in this place as a percentage of experience gained in the entire game.
 F = Experience gained in this place divided by the number of levels of this place that you have seen.
                   A       B       C       D       E      F
               +-------+-------+-------+-------+-------+----------------------
         Total | 100.0 | 100.0 |  -nan |  -nan | 100.0 |   9.2
       Dungeon | 100.0 | 100.0 |  -nan |  -nan | 100.0 |   9.2
               +-------+-------+-------+-------+-------+----------------------
